 Dungeon Crawl Stone Soup version 0.23.0 (webtiles) character file.

Game seed: 9022011932349365355

6169 Ishingly the Carver (level 10, 0/91 HPs)
             Began as a Minotaur Berserker on Feb 13, 2019.
             Was a Priest of Trog.
             Slain by a troll zombie (12 damage)
             ... on level 9 of the Dungeon on Feb 15, 2019.
             The game lasted 00:37:16 (8026 turns).

Ishingly the Carver (Minotaur Berserker)            Turns: 8026, Time: 00:37:17

Health: 0/91       AC: 15    Str: 25    XL:     10   Next: 60%
Magic:  9/9        EV: 14    Int:  4    God:    Trog [***...]
Gold:   521        SH:  0    Dex: 10    Spells: 9/9 levels left

rFire    . . .     SeeInvis .   j - +0 long sword
rCold    . . .     Gourm    +   (no shield)
rNeg     + + .     Faith    .   g - +3 ring mail of Atheism {rN++ Stlth+}
rPois    +         Spirit   .   (helmet restricted)
rElec    .         Reflect  .   b - +0 cloak
rCorr    .         Harm     .   (no gloves)
MR       ++...                  q - +0 pair of boots
Stlth    +.........             r - amulet of the gourmand
HPRegen  1.25/turn              k - ring of poison resistance
MPRegen  0.11/turn              n - +3 ring of protection

@: regenerating
A: retaliatory headbutt, horns 2
a: Berserk, Trog's Hand, Renounce Religion


You were on level 9 of the Dungeon.
You worshipped Trog.
Trog was most pleased with you.
You were not hungry.

You visited 1 branch of the dungeon, and saw 9 of its levels.

You collected 521 gold pieces.

Inventory:

Hand Weapons
 j - a +0 long sword (weapon)
Armour
 b - a +0 cloak (worn)
 d - a +2 ring mail of cold resistance
 g - the +3 ring mail of Atheism (worn) {rN++ Stlth+}
   (You found it on level 5 of the Dungeon)

   It greatly protects you from negative energy.
   It makes you more stealthy.
 q - a +0 pair of boots (worn)
Jewellery
 k - a ring of poison resistance (left hand)
 n - a +3 ring of protection (right hand)
 r - an amulet of the gourmand (around neck)
 w - an uncursed ring of stealth
 F - an uncursed amulet of faith
Wands
 v - a wand of enslavement (10)
 A - a wand of polymorph (7)
 C - a wand of disintegration (8)
Scrolls
 e - a scroll of identify
 i - a scroll of blinking
 t - 3 scrolls of enchant weapon
 x - 2 scrolls of remove curse
 y - 2 scrolls of teleportation
Potions
 f - a potion of might
 h - a potion of heal wounds
 l - 5 potions of lignification
 m - 3 potions of haste
 o - a potion of brilliance
 p - 2 potions of curing
 s - 3 potions of flight
 z - a potion of cancellation
 B - a potion of magic
Comestibles
 c - 10 rations


   Skills:
 + Level 9.4 Fighting
 * Level 12.3 Long Blades
 + Level 9.0 Armour
 + Level 8.2 Dodging


You had 9 spell levels left.
You didn't know any spells.
Your spell library was empty.

Dungeon Overview and Level Annotations

Branches:
Dungeon (9/15)             Temple (0/1) D:4             Orc (0/2) D:9
   Lair: D:8-11

Altars:
Ashenzari
Cheibriados
Dithmenos
Elyvilon
Gozag
Kikubaaqudgha
Nemelex Xobeh
Okawaru
Qazlal
Vehumet
Wu Jian
The Shining One


Innate Abilities, Weirdness & Mutations

You reflexively headbutt those who attack you in melee.
You have a pair of horns on your head.


Message History

The hungry ghost barely misses you. The troll zombie bites you.
The troll zombie misses you. The troll zombie claws you!
* * * LOW HITPOINT WARNING * * *
Press: ? - help, v - describe, . - travel The floor.
You slash the hungry ghost!
You destroy the hungry ghost!
Trog accepts your kill.
Your Armour skill increases to level 9!
The troll zombie bites you.
* * * LOW HITPOINT WARNING * * *
The troll zombie claws you.
* * * LOW HITPOINT WARNING * * *
The troll zombie claws you but does no damage.
You hit the troll zombie.
The troll zombie is moderately damaged.
You hit the troll zombie but do no damage.
The troll zombie is moderately damaged.
The troll zombie bites you!
You die...

#............##........
#..8...>...8..#.######.
######+####...............# #.
#......................##.# #.
#...........#.........# #.######.
.>......<...#.........###........
............#.........#..........
............#..Z.8....#..........
............####@..####..........
..............##.................
..............##.......#.........
.......................#.........
.................................
#################################


You could see a troll zombie.

Vanquished Creatures
  Erolcha (D:9)
  A two-headed ogre (D:8)
  An oklob plant (D:9)
  A troll (D:9)
  Grinder (D:6)
  3 hungry ghosts (D:9)
  A water moccasin (D:8)
  3 ice beasts
  2 orc warriors (D:7)
  3 phantoms
  A black bear (D:7)
  2 sky beasts (D:7)
  An eye of draining (D:8)
  4 centaurs
  6 ogres
  Blork the orc (D:6)
  2 scorpions
  A troll zombie (D:9)
  5 wights (D:7)
  3 howler monkeys
  A crimson imp (D:5)
  A centaur skeleton (D:5)
  2 hounds
  3 orc priests (D:3)
  2 bullfrog skeletons (D:4)
  A jelly (D:9)
  3 iguanas
  Ijyb (D:3)
  6 orc wizards
  9 worker ants
  A killer bee zombie (D:8)
  4 ogre zombies (D:9)
  2 hound zombies
  A gnoll (D:6)
  4 adders
  2 shadow imps
  An ooze (D:3)
  5 worms
  3 dart slugs (D:1)
  2 leopard geckos
  25 orcs
  5 bats
  4 giant cockroaches
  6 goblins
  6 hobgoblins
  9 jackals
  3 quokkas
  A giant cockroach zombie (D:5)
  2 goblin skeletons (D:9)
  A goblin zombie (D:9)
  2 hobgoblin zombies (D:9)
  A jackal zombie (D:5)
  9 kobolds
  2 orc skeletons (D:9)
  10 orc zombies (D:9)
  7 rats
190 creatures vanquished.

Notes
Turn   | Place    | Note
-------+----------+-------------------------------------------
     0 | D:1      | Ishingly the Minotaur Berserker began the quest for the
                  | Orb.
     0 | D:1      | Reached XP level 1. HP: 19/19 MP: 0/0
   220 | D:1      | Reached XP level 2. HP: 21/27 MP: 1/1
   305 | D:1      | Reached skill level 4 in Long Blades
   825 | D:2      | Reached XP level 3. HP: 33/33 MP: 2/2
   841 | D:2      | Reached ** piety under Trog
  1145 | D:2      | Reached XP level 4. HP: 40/40 MP: 3/3
  1258 | D:3      | Found a shadowy altar of Dithmenos.
  1281 | D:3      | Reached skill level 5 in Long Blades
  1284 | D:3      | Reached XP level 5. HP: 31/47 MP: 4/4
  1683 | D:3      | Noticed Ijyb
  1699 | D:3      | Killed Ijyb
  1709 | D:3      | Found an ornate altar of the Wu Jian Council.
  1793 | D:3      | Found an ancient bone altar of Kikubaaqudgha.
  2019 | D:3      | Found a shattered altar of Ashenzari.
  2434 | D:4      | Reached XP level 6. HP: 45/55 MP: 5/5
  2464 | D:4      | Reached skill level 6 in Long Blades
  2481 | D:4      | Reached skill level 5 in Fighting
  3053 | D:4      | Found a staircase to the Ecumenical Temple.
  3065 | D:4      | Reached *** piety under Trog
  3560 | D:4      | Reached XP level 7. HP: 61/61 MP: 6/6
  3688 | D:5      | Entered Level 5 of the Dungeon
  3755 | D:5      | Reached skill level 7 in Long Blades
  3778 | D:5      | Reached skill level 5 in Armour
  3792 | D:5      | Found a glowing golden altar of the Shining One.
  4033 | D:5      | Found a stormy altar of Qazlal.
  4197 | D:5      | Got a warped ring mail
  4208 | D:5      | Identified the +3 ring mail of Atheism {rN++ Stlth+} (You
                  | found it on level 5 of the Dungeon)
  4318 | D:6      | Noticed Grinder
  4342 | D:6      | Reached XP level 8. HP: 33/70 MP: 7/7
  4346 | D:6      | Killed Grinder
  4346 | D:6      | Reached skill level 8 in Long Blades
  4346 | D:6      | Reached skill level 5 in Dodging
  4549 | D:6      | Found an opulent altar of Gozag.
  4574 | D:6      | Noticed Blork the orc
  4585 | D:6      | Killed Blork the orc
  4929 | D:6      | Found an iron altar of Okawaru.
  5101 | D:6      | Reached skill level 9 in Long Blades
  5596 | D:7      | Reached **** piety under Trog
  5620 | D:7      | Found a sparkling altar of Nemelex Xobeh.
  5632 | D:7      | Reached XP level 9. HP: 45/79 MP: 8/8
  5633 | D:7      | Found a radiant altar of Vehumet.
  5782 | D:7      | Reached skill level 10 in Long Blades
  6423 | D:8      | Noticed a two-headed ogre
  6438 | D:8      | Killed a two-headed ogre
  6438 | D:8      | Reached skill level 11 in Long Blades
  6745 | D:8      | Reached XP level 10. HP: 90/90 MP: 9/9
  6836 | D:8      | Found a snail-covered altar of Cheibriados.
  7446 | D:9      | Found a white marble altar of Elyvilon.
  7453 | D:9      | Noticed Erolcha
  7475 | D:9      | Killed Erolcha
  7525 | D:9      | Found a stormy altar of Qazlal.
  7526 | D:9      | Noticed an oklob plant
  7546 | D:9      | Killed an oklob plant
  7546 | D:9      | Reached skill level 12 in Long Blades
  7988 | D:9      | Found a staircase to the Orcish Mines.
  8026 | D:9      | Slain by a troll zombie

Skill      XL: |  1  2  3  4  5  6  7  8  9 10 |
---------------+-------------------------------+-----
Long Blades    | 4 5 6 7 9 11 12 | 12.3
Fighting       | 4 5 6 7 8 9 |  9.4
Armour         | 3 4 5 6 8 9 |  9.0
Dodging        | 3 4 6 7 8 |  8.2

Action                   |  1- 3 |  4- 6 |  7- 9 | 10-12 || total
-------------------------+-------+-------+-------+-------++-------
Melee: Falchion          |    71 |   119 |   252 |    46 ||   488
       Headbutt          |    15 |    16 |    60 |    43 ||   134
       Long sword        |       |       |       |   118 ||   118
Invok: Berserk           |     1 |     1 |     2 |     1 ||     5
       Trog's Hand       |       |       |     1 |     3 ||     4
  Use: Scroll            |       |     2 |    14 |       ||    16
       Potion            |       |     2 |     1 |       ||     3
 Stab: Sleeping          |       |       |     3 |       ||     3
  Eat: Chunk             |     1 |    16 |    17 |       ||    34
       Ration            |       |     1 |       |     3 ||     4
Armor: Animal skin       |     4 |       |       |       ||     4
       Chain mail        |    15 |    65 |    14 |       ||    94
       Ring mail         |       |       |    67 |    69 ||   136
Dodge: Dodged            |    34 |    66 |   153 |   110 ||   363
       Rpst.: Falchion   |    12 |    20 |    47 |     6 ||    85
       Long sword        |       |       |       |    18 ||    18
